 Dungeon Crawl Stone Soup version 0.27-a0-1557-g57f10a385c (webtiles) character file.

Game seed: 7683773752014006019

90 DocClef the Covert (level 4, -2/41 HPs)
             Began as a Gnoll Delver on July 15, 2021.
             Slain by a river rat (4 damage)
             ... on level 5 of the Dungeon.
             The game lasted 00:00:45 (373 turns).

DocClef the Covert (Gnoll Delver)                    Turns: 373, Time: 00:00:45

Health: -2/41      AC:  5    Str: 12    XL:     4   Next: 56%
Magic:  5/5        EV: 12    Int: 10    God:
Gold:   0          SH:  0    Dex: 13    Spells: 5/5 levels left

rFire    . . .     SeeInvis .   a - +0 short sword
rCold    . . .     Faith    .   (no shield)
rNeg     . . .     Spirit   .   d - +0 ring mail
rPois    .         Reflect  .   (no helmet)
rElec    .         Harm     .   (no cloak)
rCorr    .         Rampage  .   (no gloves)
Will     .....                  (no boots)
Stlth    ++........             (no amulet)
HPRegen  0.13/turn              (no ring)
MPRegen  0.09/turn              (no ring)

@: lethally poisoned (-2 -> -7), very slow
A: fangs 1, strong nose, distributed training
a: no special abilities


You were on level 5 of the Dungeon.
You visited 1 branch of the dungeon, and saw 2 of its levels.

Inventory:

Hand Weapons
 a - a +0 short sword (weapon)
Armour
 b - a +0 leather armour
 d - a +0 ring mail (worn)
Wands
 g - a wand of digging (3)
Scrolls
 c - a scroll of fog
 e - a scroll of fear
 h - a scroll of immolation {unknown}
Potions
 f - a potion of haste


   Skills:
 + Level 6.6 Fighting
 + Level 4.6 Short Blades
 + Level 1.2 Long Blades
 + Level 1.2 Axes
 + Level 1.2 Maces & Flails
 + Level 1.2 Polearms
 + Level 1.2 Staves
 + Level 1.2 Slings
 + Level 1.2 Bows
 + Level 1.2 Crossbows
 + Level 1.2 Throwing
 + Level 1.2 Armour
 + Level 4.6 Dodging
 + Level 9.6 Stealth
 + Level 1.2 Shields
 + Level 1.2 Unarmed Combat
 + Level 1.2 Spellcasting
 + Level 1.0 Conjurations
 + Level 1.0 Hexes
 + Level 1.0 Summonings
 + Level 1.0 Necromancy
 + Level 1.0 Translocations
 + Level 1.0 Transmutations
 + Level 1.0 Fire Magic
 + Level 1.0 Ice Magic
 + Level 1.0 Air Magic
 + Level 1.0 Earth Magic
 + Level 1.0 Poison Magic
 + Level 1.3 Invocations
 + Level 1.2 Evocations


You had 5 spell levels left.
You didn't know any spells.
Your spell library was empty.

Dungeon Overview and Level Annotations

Branches:
Dungeon (5/15)
 Temple: D:4-7

Altars:


Innate Abilities, Weirdness & Mutations

You have very sharp teeth.
Your uncanny sense of smell can sniff out nearby items.
Your experience applies equally to all skills.


Message History

Your unstable footing causes you to fumble your attack.
You feel sick. The adder barely misses you.
The river rat bites you but does no damage.
You closely miss the river rat. Your bite misses the river rat.
You feel sick. The adder bites you but does no damage.
You hit the river rat.
The river rat is lightly wounded.
You feel sick. The adder bites you but does no damage.
The river rat closely misses you.
Unknown command.
You closely miss the river rat.
You bite the river rat, but do no damage.
The river rat is lightly wounded.
You feel sick. The adder bites you but does no damage.
The river rat closely misses you.
Your unstable footing causes you to fumble your attack.
The adder bites you but does no damage. The river rat misses you.
Unknown command.
Your unstable footing causes you to fumble your attack.
You feel sick. The adder bites you.
* * * LOW HITPOINT WARNING * * *
The river rat barely misses you.
Unknown command.
Your unstable footing causes you to fumble your attack.
You feel sick.
You are no longer poisoned.
The adder bites you.
* * * LOW HITPOINT WARNING * * *
The adder bites you.
* * * LOW HITPOINT WARNING * * *
You are lethally poisoned!
The adder poisons you! The river rat closely misses you.
You hit the river rat but do no damage. Your bite misses the river rat.
The river rat is lightly wounded.
* * * LOW HITPOINT WARNING * * *
You feel sick. The adder misses you.
Your unstable footing causes you to fumble your attack.
* * * LOW HITPOINT WARNING * * *
You feel sick. The river rat bites you.
You die...

..#.....##≈######≈##*##*,,,,,**+*
..#.....#≈≈≈≈≈≈#≈≈≈#,,**,,,,,*,,,
#.##.####≈≈≈*≈≈#≈≈≈#,,,*,,,,,*,,,
#'##.#*###≈**≈≈##≈##,,,*,,,,,*,,,
.....#...#≈*≈≈≈≈#≈#,,,******,*,,,
...≈.'...#≈*≈∩≈≈#≈#,,,**,,,,,*,,,
.≈.≈.#..##≈**≈≈##≈##,,,,,,,,,*,,,
...≈.#..#≈≈≈####r≈≈#,,,,,,,,,*,,,
...≈##*##≈≈≈≈≈≈S@≈≈#,,,,,,,,,*,,,
.≈≈≈# *#≈######≈##*+**,,,,,****
#..≈# *** ###,,,**,,,,,,,,, ###≈#
**,,,,*,,,,,,,*, ##*
*,,,,,*,,,,,,,+, *,,,,,*,,,,,,,*,
*,,,,,*,,,,,,,*, **,,,**,,,**+**,
***********,***


You could see an adder and a river rat.

Vanquished Creatures
  A scorpion (D:4)
  An iguana (D:5)
  A shadow imp (D:5)
  A quokka (D:5)
4 creatures vanquished.

Notes
Turn   | Place    | Note
-------+----------+-------------------------------------------
     0 | D:5      | Reached skill level 9 in Stealth
     0 | D:5      | DocClef the Gnoll Delver began the quest for the Orb.
     0 | D:5      | Reached XP level 1. HP: 23/23 MP: 1/1
    36 | D:5      | Reached XP level 2. HP: 5/29 MP: 2/2
    45 | D:4      | Noticed a scorpion
    48 | D:4      | Killed a scorpion
    49 | D:4      | Reached skill level 1 in Long Blades
    49 | D:4      | Reached skill level 1 in Axes
    49 | D:4      | Reached skill level 1 in Maces & Flails
    49 | D:4      | Reached skill level 1 in Polearms
    49 | D:4      | Reached skill level 1 in Staves
    49 | D:4      | Reached skill level 1 in Slings
    49 | D:4      | Reached skill level 1 in Bows
    49 | D:4      | Reached skill level 1 in Crossbows
    49 | D:4      | Reached skill level 1 in Throwing
    49 | D:4      | Reached skill level 1 in Armour
    49 | D:4      | Reached skill level 1 in Shields
    49 | D:4      | Reached skill level 1 in Unarmed Combat
    49 | D:4      | Reached skill level 1 in Spellcasting
    49 | D:4      | Reached skill level 1 in Invocations
    49 | D:4      | Reached skill level 1 in Evocations
    49 | D:4      | Reached XP level 3. HP: 8/35 MP: 2/4
    49 | D:4      | Reached XP level 4. HP: 9/41 MP: 2/5
   332 | D:5      | Reached skill level 1 in Conjurations
   332 | D:5      | Reached skill level 1 in Hexes
   332 | D:5      | Reached skill level 1 in Summonings
   332 | D:5      | Reached skill level 1 in Necromancy
   332 | D:5      | Reached skill level 1 in Translocations
   332 | D:5      | Reached skill level 1 in Transmutations
   332 | D:5      | Reached skill level 1 in Fire Magic
   332 | D:5      | Reached skill level 1 in Ice Magic
   332 | D:5      | Reached skill level 1 in Air Magic
   332 | D:5      | Reached skill level 1 in Earth Magic
   332 | D:5      | Reached skill level 1 in Poison Magic
   373 | D:5      | HP: 2/41 [poisoned by an adder]
   373 | D:5      | Slain by a river rat

Illustrated notes

Levels and vault maps discovered:
D:4:      layout_cave_pods, serial_shops,
          nicolae_shop_temple_entry_statues_fountains, nicolae_shop_stone
D:5:      layout_gridville, gup_sewer_entry_bubbles, serial_rivers,
          chequers_serial_rivers_micro_e, chequers_serial_rivers_large_b,
          chequers_serial_rivers_room_a, chequers_serial_rivers_room_b,
          minivault_25, kennysheep_boxes

Skill      XL: |  1  2  3  4 |
---------------+-------------+-----
Stealth        | |  9.6
Long Blades    | 1 |  1.2
Axes           | 1 |  1.2
Maces & Flails | 1 |  1.2
Polearms       | 1 |  1.2
Staves         | 1 |  1.2
Slings         | 1 |  1.2
Bows           | 1 |  1.2
Crossbows      | 1 |  1.2
Throwing       | 1 |  1.2
Armour         | 1 |  1.2
Shields        | 1 |  1.2
Unarmed Combat | 1 |  1.2
Spellcasting   | 1 |  1.2
Invocations    | 1 |  1.3
Evocations     | 1 |  1.2
Conjurations   | 1 |  1.0
Hexes          | 1 |  1.0
Summonings     | 1 |  1.0
Necromancy     | 1 |  1.0
Translocations | 1 |  1.0
Transmutations | 1 |  1.0
Fire Magic     | 1 |  1.0
Ice Magic      | 1 |  1.0
Air Magic      | 1 |  1.0
Earth Magic    | 1 |  1.0
Poison Magic   | 1 |  1.0
Fighting       | |  6.6
Short Blades   | |  4.6
Dodging        | |  4.6

Action                   |  1- 3 |  4- 6 || total
-------------------------+-------+-------++-------
Melee: Short sword       |    13 |    20 ||    33
       Bite              |     1 |     3 ||     4
  Use: Scroll            |     1 |       ||     1
 Stab: Sleeping          |     1 |     1 ||     2
Armor: Leather armour    |     2 |       ||     2
       Ring mail         |       |     5 ||     5
Dodge: Dodged            |     4 |    17 ||    21

Table legend: (Time is in decaauts)
 A = Elapsed time spent in this place.
 B = Non-inter-level travel time spent in this place.
 C = Inter-level travel time spent in this place.
 D = Time resting spent in this place.
 E = Time spent auto-exploring this place.
 F = Levels seen in this place.
 G = Mean time per level.
                   A        B        C        D        E       F      G
               +--------+--------+--------+--------+--------+-----+--------+
         Total |    374 |    374 |      0 |    231 |      0 |   2 |  187.0 |
       Dungeon |    374 |    374 |      0 |    231 |      0 |   2 |  187.0 |
               +--------+--------+--------+--------+--------+-----+--------+

Top non-repeatable levels by time:
     D:4: 247 daAuts
     D:5: 126 daAuts
